 Dungeon Crawl Stone Soup version 0.24-a0-201-gf2055891f0 (webtiles) character file.

Game seed: 11555493956697893249

494 Esekla the Slasher (level 6, -1/44 HPs)
             Began as a Vampire Skald on Mar 23, 2019.
             Slain by a phantom (8 damage)
             ... on level 5 of the Dungeon.
             The game lasted 00:29:22 (3166 turns).

Esekla the Slasher (Vampire Skald)                  Turns: 3166, Time: 00:29:23

Health: -1/44      AC:  8    Str: 10    XL:     6   Next: 92%
Magic:  8/9        EV: 13    Int: 16    God:
Gold:   84         SH:  0    Dex: 15    Spells: 4/9 levels left

rFire    . . .     SeeInvis +   a - +0 falchion
rCold    + + .     Gourm    .   (no shield)
rNeg     + + .     Faith    .   k - +3 leather armour {rC+}
rPois    +         Spirit   .   l - +0 helmet
rElec    .         Reflect  .   (no cloak)
rCorr    .         Harm     .   m - +0 pair of gloves (curse)
MR       .....                  (no boots)
Stlth    ++........             (no amulet)
HPRegen  0.07/turn              f - ring of wizardry
MPRegen  0.11/turn              (no ring)

@: regenerating slowly
A: fangs 3, see invisible, unbreathing
a: Bat Form


You were on level 5 of the Dungeon.
You were thirsty.

You visited 1 branch of the dungeon, and saw 5 of its levels.

You collected 84 gold pieces.

Inventory:

Hand Weapons
 a - a +0 falchion (weapon)
 b - a +0 spear
 h - a +0 short sword
Missiles
 p - 4 tomahawks (quivered)
Armour
 k - a +3 leather armour of cold resistance (worn)
 l - a +0 helmet (worn)
 m - a cursed +0 pair of gloves (worn)
Jewellery
 f - a ring of wizardry (left hand)
 n - an uncursed ring of resist corrosion
Scrolls
 j - a scroll of enchant weapon {unknown}
 o - a scroll of remove curse
Potions
 d - 25 potions of blood
 e - a potion of berserk rage
 g - a potion of agility {unknown}
 i - a potion of experience {unknown}


   Skills:
 - Level 2.2 Fighting
 + Level 0.1(4.3) Short Blades
 * Level 6.5 Long Blades
 + Level 2.2 Armour
 + Level 3.0 Dodging
 - Level 2.0 Spellcasting
 - Level 3.2 Charms


You had 4 spell levels left.
You knew the following spells:

 Your Spells              Type           Power        Failure   Level  Hunger
a - Infusion              Chrm           ##..         2%          1    #......
b - Shroud of Golubria    Chrm/Tloc      #.........   9%          2    ###....
c - Song of Slaying       Chrm           ##......     4%          2    ###....

Your spell library contained the following spells:

 Spells                   Type           Power        Failure   Level  Hunger
 Regeneration             Chrm/Necr      #.........   16%         3    ###....
 Spectral Weapon          Hex/Chrm       #.......     16%         3    ###....


Dungeon Overview and Level Annotations

Branches:
Dungeon (5/15)
 Temple: D:4-7

Altars:


Innate Abilities, Weirdness & Mutations

You heal slowly.
You have razor-sharp teeth.
You have supernaturally acute eyesight. (SInv)
You can survive without breathing.


Message History

The phantom is heavily damaged.
The phantom hits you.
* * * LOW HITPOINT WARNING * * *
You feel better. The phantom hits you.
* * * LOW HITPOINT WARNING * * *
You hit the phantom but do no damage.
The phantom is heavily damaged.
The phantom hits you.
* * * LOW HITPOINT WARNING * * *
You hit the phantom. You bite the phantom, but do no damage.
The phantom is heavily damaged.
The phantom hits you!
* * * LOW HITPOINT WARNING * * *
The phantom blinks!
You feel better. The phantom barely misses you.
Okay, then.
You closely miss the phantom.
The phantom is heavily damaged.
The phantom hits you!
You die...

####### #.W...# .
###########..@..# ..
........<.......#
...##......###.....#
.........##..#####
##.........##
#...<....###
#........##
#....###### ....##


You could see a phantom.

Vanquished Creatures
  A hippogriff (D:3)
  A crimson imp (D:4)
  An orc priest (D:3)
  3 orc wizards
  3 gnolls
  5 adders
  2 worms
  2 dart slugs
  3 leopard geckos
  8 orcs
  A ball python (D:3)
  8 bats
  5 giant cockroaches
  10 goblins
  7 hobgoblins
  8 jackals
  10 kobolds
  A quokka (D:3)
  4 frilled lizards
  A quokka skeleton (D:5)
  11 rats
95 creatures vanquished.

Notes
Turn   | Place    | Note
-------+----------+-------------------------------------------
     0 | D:1      | Esekla the Vampire Skald began the quest for the Orb.
     0 | D:1      | Reached XP level 1. HP: 16/16 MP: 3/3
   131 | D:1      | Reached XP level 2. HP: 10/22 MP: 5/5
   140 | D:1      | Learned a level 2 spell: Shroud of Golubria
   143 | D:1      | Learned a level 2 spell: Song of Slaying
   529 | D:2      | Reached XP level 3. HP: 19/27 MP: 6/6
   714 | D:1      | Reached skill level 1 in Armour
   722 | D:1      | Reached skill level 3 in Long Blades
  1416 | D:2      | Reached XP level 4. HP: 33/33 MP: 4/7
  2048 | D:3      | Reached skill level 4 in Long Blades
  2135 | D:3      | Reached XP level 5. HP: 38/38 MP: 2/8
  2466 | D:3      | Noticed a hippogriff
  2489 | D:3      | Killed a hippogriff
  2489 | D:3      | Reached skill level 5 in Long Blades
  2489 | D:3      | Reached XP level 6. HP: 17/44 MP: 0/9
  2897 | D:4      | Reached skill level 6 in Long Blades
  2980 | D:5      | Entered Level 5 of the Dungeon
  3164 | D:5      | HP: 1/44 [phantom (8)]
  3166 | D:5      | Slain by a phantom

Levels and vault maps discovered:
D:1:      minmay_arrival_cross, layout_loops_ring
D:2:      layout_basic, minmay_quantized
D:3:      layout_basic
D:4:      layout_basic
D:5:      layout_rooms, ashenzari_altar_1, first_ration

Skill      XL: |  1  2  3  4  5  6 |
---------------+-------------------+-----
Fighting       | 2 |  2.2
Armour         | 1 2 |  2.2
Long Blades    | 3 4 5 6 |  6.5
Dodging        | 3 |  3.0
Short Blades   | |  0.1
Spellcasting   | |  2.0
Charms         | |  3.2

Action                   |  1- 3 |  4- 6 || total
-------------------------+-------+-------++-------
Melee: Falchion          |   112 |   177 ||   289
       Bite              |    13 |    23 ||    36
       Short sword       |     2 |     5 ||     7
Throw: Tomahawk          |       |     4 ||     4
 Cast: Infusion          |     4 |     9 ||    13
       Song of Slaying   |     1 |     4 ||     5
       Shroud of Golubri |     1 |     3 ||     4
  Use: Scroll            |       |     7 ||     7
       Potion            |       |    10 ||    10
 Stab: Sleeping          |     4 |     5 ||     9
       Distracted        |     1 |       ||     1
Armor: Leather armour    |    26 |    60 ||    86
Dodge: Dodged            |    70 |   114 ||   184
       Rpst.: Falchion   |    25 |    41 ||    66

Table legend:
 A = Non-vault XP
 B = Vault XP
 C = Vault XP percentage of total XP
 D = Non-vault monster count
 E = Vault monster count
 F = Vault count percentage of total count
                 A         B        C        D         E       F
            +---------+---------+-------+---------+---------+-------
      Total |     698 |       9 |   1.3 |      89 |       6 |   6.3
            +---------+---------+-------+---------+---------+-------
        D:1 |      49 |       0 |   0.0 |      23 |       0 |   0.0
        D:2 |      52 |       9 |  14.8 |      21 |       6 |  22.2
        D:3 |     411 |       0 |   0.0 |      31 |       0 |   0.0
        D:4 |     185 |       0 |   0.0 |      13 |       0 |   0.0
        D:5 |       1 |       0 |   0.0 |       1 |       0 |   0.0
            +---------+---------+-------+---------+---------+-------
